 Dungeon Crawl Stone Soup version 0.28.0 (webtiles) character file.

Game seed: 5193036275063615137

4297 SnakkuSnakku7 the Martial Artist (level 10, 0/54 (59) HPs)
             Began as a Deep Elf Transmuter on Feb 8, 2022.
             Was an Initiate of Cheibriados.
             Slain by a wight (11 damage)
             ... on level 8 of the Dungeon.
             The game lasted 00:22:07 (11727 turns).

SnakkuSnakku7 the Martial Artist (DETm)            Turns: 11727, Time: 00:22:07

HP:   0/54 (59)     AC: 26    Str:  8    XL:     10   Next: 11%
MP:   16/16         EV:  3    Int: 24    God:    Cheibriados [......]
Gold: 260           SH:  0    Dex: 16    Spells: 7/15 levels left

rFire   . . .      SeeInvis .     - Unarmed
rCold   . . .      Faith    .   (no shield)
rNeg    . . .      Spirit   .   t - +18 Lear's hauberk
rPois   .          Reflect  .   (helmet currently unavailable)
rElec   .          Harm     .   (no cloak)
rCorr   .          Rampage  .   (gloves currently unavailable)
Will    ++...                   (boots currently unavailable)
Stlth   ..........              (no amulet)
HPRegen 0.18/turn               u - ring of willpower
MPRegen 0.15/turn               (no ring)

@: drained, very slow
A: no striking features
a: Renounce Religion


You were on level 8 of the Dungeon.
You worshipped Cheibriados.
Cheibriados was noncommittal.
You visited 2 branches of the dungeon, and saw 9 of its levels.

You collected 350 gold pieces.
You spent 90 gold pieces at shops.

Inventory:

Missiles
 f - 7 poisoned darts
Armour
 a - a +0 robe
 h - a +0 helmet
 s - the +7 Kryia's mail coat {PotionHeal*2 rC+}
   (You found it on level 5 of the Dungeon)

   Potions are twice as effective at healing its wearer.
   rC:        It protects you from cold.
 t - the +18 Lear's hauberk (worn)
   (You found it on level 6 of the Dungeon)
Jewellery
 u - a ring of willpower (left hand)
Wands
 j - a wand of flame (32)
 k - a wand of iceblast (18)
Scrolls
 b - a scroll of immolation {unknown}
 c - a scroll of brand weapon {unknown}
 d - 2 scrolls of amnesia
 e - 3 scrolls of teleportation
 g - a scroll of fog {unknown}
 l - a scroll of blinking
 m - a scroll of silence {unknown}
 o - a scroll of vulnerability
 p - a scroll of magic mapping
Potions
 i - a potion of attraction
 q - 2 potions of brilliance
 r - a potion of mutation
 v - a potion of might {unknown}


   Skills:
 - Level 5.0 Fighting
 - Level 2.4 Dodging
 + Level 9.7 Unarmed Combat
 - Level 3.0 Spellcasting
 - Level 8.0 Transmutations
 - Level 2.0 Poison Magic
 + Level 1.6 Evocations


You had 7 spell levels left.
You knew the following spells:

 Your Spells              Type           Power      Damage    Failure   Level
a - Beastly Appendage     Tmut           84%        N/A       63%         1
b - Spider Form           Tmut/Pois      27%        N/A       100%        3
c - Ice Form              Ice/Tmut       22%        N/A       100%        4

Your spell library contained the following spells:

 Spells                   Type           Power      Damage    Failure   Level
 Wereblood                Tmut           42%        N/A       77%         2
 Blink                    Tloc           6%         N/A       100%        2
 Sticky Flame             Conj/Fire      3%         2d3       100%        4
 Summon Lightning Spire   Summ/Air       3%         N/A       100%        4
 Fireball                 Conj/Fire      1%         3d3       100%        5
 Manifold Assault         Tloc           3%         N/A       100%        5
 Conjure Ball Lightning   Conj/Air       1%         3x3d6     100%        6
 Storm Form               Tmut/Air       11%        N/A       100%        7


Dungeon Overview and Level Annotations

Branches:
Dungeon (8/15)             Temple (1/1) D:6
   Lair: D:8-11

Altars:
Ashenzari
Cheibriados
Elyvilon
Gozag
Makhleb
Nemelex Xobeh
Okawaru
Qazlal
Sif Muna
Trog
Uskayaw
Xom
Yredelemnul
Zin
Beogh

Annotations:
D:4 2 transporters, HallandMoats's ghost, amateur MiMo
D:5 1 runed translucent door, Lemondrips's ghost, novice GrMo


Message History

You hit the wight but do no damage.
The wight is lightly damaged.
The wight hits you with a +0 morningstar!
You feel drained.
You are too injured to fight recklessly!
You are too injured to fight recklessly!
You are too injured to fight recklessly!
You are too injured to fight recklessly!
You punch the wight! Your punch misses the wight.
The wight is heavily damaged.
The wight hits you with a +0 morningstar.
* * * LOW HITPOINT WARNING * * *
You hit the wight.
The wight is severely damaged.
The wight hits you with a +0 morningstar.
* * * LOW HITPOINT WARNING * * *
You hit the wight.
The wight is almost destroyed.
You hit the wight but do no damage.
The wight is almost destroyed.
The wight hits you but does no damage.
You hit the wight.
You destroy the wight!
Cheibriados appreciates the change of pace.
You hit the wight.
The wight is heavily damaged.
You hit the wight but do no damage. You punch the wight, but do no damage.
The wight is heavily damaged.
The wight hits you but does no damage.
You hit the wight.
The wight is almost destroyed.
The wight hits you but does no damage.
You closely miss the wight.
The wight is almost destroyed.
The wight hits you with a +0 great sword.
* * * LOW HITPOINT WARNING * * *
You closely miss the wight.
The wight is almost destroyed.
The wight hits you with a +0 great sword!
You die...

#.............# #.........#
#............<# ##...)...###
#.............###..#######
#.............##..##
#.................##
##..................## #
#.............)..#...######## ##
#.........##...).#...........
.####.........##@....##..........
...##..........z#.....#.........#
##..#............#....#.#......##
.##...............###########...#
..#...............# ##...
..........##.[....# ###.
....##...###.###..# ###
.....##.(.##...#### ###..
.....)###..#...... ##....


You could see a wight.

Vanquished Creatures
  A two-headed ogre (D:8)
  Psyche (D:8)
  Prince Ribbit (D:5)
  Grinder (D:5)
  6 yaks (D:8)
  A steam dragon (D:8)
  Duvessa (D:6)
  2 ice beasts
  A necrophage (D:6)
  A centaur (D:8)
  An ogre (D:5)
  A bullfrog (D:6)
  2 scorpions (D:4)
  Dowan (D:6)
  A killer bee (D:8)
  2 water moccasin skeletons
  4 wights (D:8)
  A howler monkey (D:8)
  4 hounds
  3 jellies
  3 orc priests
  A bullfrog skeleton (D:6)
  A gnoll shaman (D:6)
  3 centaur skeletons
  5 orc wizards
  Ijyb (D:5)
  2 killer bee zombies
  A hound skeleton (D:4)
  2 howler monkey zombies
  9 gnolls
  7 adders
  2 white imps
  2 ufetubi
  A worm (D:2)
  5 dart slugs
  18 orcs
  3 endoplasms
  3 giant cockroaches (D:1)
  9 goblins
  10 hobgoblins
  3 jackals (D:5)
  4 quokkas
  5 ball pythons
  3 bats (D:1)
  3 frilled lizards
  5 kobolds
  6 rats
153 creatures vanquished.

Vanquished Creatures (others)
  7 plants (D:5)
7 creatures vanquished.

Grand Total: 160 creatures vanquished

Notes
Turn   | Place    | Note
-------+----------+-------------------------------------------
     0 | D:1      | SnakkuSnakku7 the Deep Elf Transmuter began the quest for
                  | the Orb.
     0 | D:1      | Reached XP level 1. HP: 11/11 MP: 6/6
   470 | D:1      | Reached XP level 2. HP: 14/16 MP: 6/8
   904 | D:1      | Found a faded altar of an unknown god.
  1002 | D:1      | Reached skill level 3 in Unarmed Combat
  1486 | D:2      | Reached XP level 3. HP: 14/20 MP: 9/9
  2949 | D:2      | Reached XP level 4. HP: 6/24 MP: 8/10
  2962 | D:1      | Learned a level 3 spell: Spider Form
  3306 | D:3      | Reached skill level 1 in Poison Magic
  3591 | D:3      | Reached XP level 5. HP: 13/28 MP: 9/11
  3804 | D:3      | Reached skill level 4 in Unarmed Combat
  4298 | D:3      | Found a faded altar of an unknown god.
  4303 | D:3      | Found a burning altar of Makhleb.
  5189 | D:4      | Found a transporter.
  5191 | D:4      | Noticed HallandMoats's ghost (amateur MiMo)
  5192 | D:4      | Found a transporter.
  5193 | D:4      | Noticed an ogre
  5193 | D:4      | Noticed an ogre
  5242 | D:4      | Reached XP level 6. HP: 33/33 MP: 10/12
  5253 | D:4      | Found a sparkling altar of Nemelex Xobeh.
  5286 | D:4      | Learned a level 4 spell: Ice Form
  5444 | D:4      | Reached skill level 5 in Transmutations
  5472 | D:4      | Found a white marble altar of Elyvilon.
  5488 | D:4      | Reached skill level 5 in Unarmed Combat
  5691 | D:4      | Found a hide-covered altar of Uskayaw.
  5978 | D:4      | Found Zin's Purification Station.
  5983 | D:4      | Found a glowing silver altar of Zin.
  5987 | D:4      | Bought a potion of curing for 90 gold pieces
  6242 | D:4      | Found a broken altar of Ashenzari.
  6279 | D:5      | Entered Level 5 of the Dungeon
  6284 | D:5      | Reached XP level 7. HP: 32/37 MP: 11/13
  6306 | D:5      | Noticed Ijyb
  6317 | D:5      | Killed Ijyb
  6395 | D:5      | Noticed Grinder
  6451 | D:5      | Killed Grinder
  6780 | D:5      | Found a runed translucent door.
  6782 | D:5      | Noticed Lemondrips's ghost (novice GrMo)
  6906 | D:5      | Found the +7 Kryia's mail coat {PotionHeal*2 rC+}
  7513 | D:5      | Noticed Prince Ribbit
  7524 | D:5      | Killed Prince Ribbit
  7525 | D:5      | Reached skill level 6 in Unarmed Combat
  7525 | D:5      | Reached XP level 8. HP: 29/42 MP: 14/14
  7747 | D:5      | You fall into a shaft and drop 3 floors!
  7750 | D:8      | Noticed Psyche
  7760 | D:8      | Killed Psyche
  8031 | D:8      | Reached skill level 7 in Unarmed Combat
  8069 | D:8      | Reached skill level 1 in Fighting
  8554 | D:8      | Reached XP level 9. HP: 21/49 MP: 12/15
  8877 | D:6      | Reached skill level 8 in Unarmed Combat
  9457 | D:6      | Got Cicy's Incunabulum of Scorching Feathers
  9645 | D:6      | Found the +18 Lear's hauberk
  9827 | D:6      | Found a staircase to the Ecumenical Temple.
  9857 | D:6      | Noticed Dowan
  9858 | D:6      | Noticed Duvessa
  9868 | D:6      | Killed Dowan
  9873 | D:6      | Killed Duvessa
 10459 | Temple   | Entered the Ecumenical Temple
 10465 | Temple   | Became a worshipper of Cheibriados the Contemplative
 11164 | D:8      | Reached skill level 5 in Fighting
 11378 | D:8      | Reached skill level 9 in Unarmed Combat
 11515 | D:8      | Noticed a two-headed ogre
 11520 | D:8      | Killed a two-headed ogre
 11521 | D:8      | Reached XP level 10. HP: 48/59 MP: 16/16
 11684 | D:8      | Reached skill level 1 in Evocations
 11727 | D:8      | Slain by a wight

Illustrated notes

Levels and vault maps discovered:
D:1:      scummos_arrival_hexagon, layout_loops_corners,
          hellmonk_ecumenical_altar_defaced_shrine, minivault_5,
          minmay_door_square, minivault_5
D:2:      layout_loops_ring, st_stairs_9, chequers_serial_rivers_large_a
D:3:      layout_rooms, nicolae_overflow_ecumenical_swirl
D:4:      layout_loops_ring, zin_purify, elyvilon_altar_5,
          mainiacjoe_overflow_big_doors, lemuel_doored_altar,
          gammafunk_ghost_smash
D:5:      layout_loops_ring, ebering_ghost_sewer_d, serial_bayou_ford_a,
          uniq_ijyb, uniq_grinder, uniq_prince_ribbit1
D:6:      layout_loops_ring, minmay_temple_entry_poolview,
          hellmonk_bongcloud_opening, uniq_duvessa
D:7:      layout_loops_ring
D:8:      cheibrodos_iron_armory, layout_cave_pods,
          mainiacjoe_overflow_small_starburst,
          hangedman_abyss_or_decor_jellyfish_corner, uniq_psyche
Temple:   eino_narrow_crystal_temple

Skill      XL: |  1  2  3  4  5  6  7  8  9 10 |
---------------+-------------------------------+-----
Transmutations | 3 4 5 7 8 |  8.0
Unarmed Combat | 3 4 5 6 7 9 |  9.7
Poison Magic   | 1 2 |  2.0
Fighting       | 2 5 |  5.0
Evocations     | 1 |  1.6
Dodging        | |  2.4
Spellcasting   | |  3.0

Action                   |  1- 3 |  4- 6 |  7- 9 | 10-12 || total
-------------------------+-------+-------+-------+-------++-------
Melee: Unarmed           |   142 |   146 |   324 |    61 ||   673
       Kick              |    19 |    27 |    11 |       ||    57
       Punch             |     2 |     4 |    19 |     4 ||    29
       Headbutt          |     9 |    21 |     7 |       ||    37
Throw: Dart              |       |       |     1 |       ||     1
 Cast: Beastly Appendage |    18 |    16 |     9 |       ||    43
       Spider Form       |       |     5 |     9 |       ||    14
Evoke: Wand              |       |       |    19 |     2 ||    21
  Use: Potion            |       |     5 |     3 |       ||     8
       Scroll            |       |     1 |     9 |       ||    10
 Stab: Sleeping          |     3 |     2 |       |       ||     5
Armor: Robe              |    30 |     8 |    15 |       ||    53
       Skin              |       |     1 |     1 |       ||     2
       Chain mail        |       |       |   183 |    38 ||   221
       Scale mail        |       |       |     1 |       ||     1
Dodge: Dodged            |   103 |    73 |   123 |    10 ||   309
